 Dungeon Crawl Stone Soup version 0.31-a0-233-g139696dc86 (webtiles) character file.

Game seed: 17304917327395028581

35 Shard1697 the Insei (level 3, -3/28 HPs)
             Began as a Djinni Transmuter on July 9, 2023.
             Slain by Robin
             ... wielding a +0 trident
              (5 damage)
             ... on level 1 of the Dungeon.
             The game lasted 00:01:40 (1236 turns).

Shard1697 the Insei (Djinni Transmuter)             Turns: 1236, Time: 00:01:41

Health: -3/28      AC:  2    Str:  9    XL:     3   Next: 55%
Gold:   89         EV: 12    Int: 16    God:
                   SH:  0    Dex: 19

rFire   + +          .
                       - Unarmed
rCold   x . .        (no shield)
rNeg    . . .        a - +0 robe
rPois   ∞            (helmet currently unavailable)
rElec   .            (no cloak)
rCorr   .            (no gloves)
SInv    .            (boots unavailable)
Will    .....        (no amulet)
Stlth   ++           f - +6 ring of dexterity
HPRegen 0.24/turn    (no ring)
MPRegen 0.00/turn

%: infuse magic (-4 HP)
@: appendages, flying
A: horns 2, flying, sickness immunity, fire resistance 2, cold vulnerability 1,
float, innate caster, HP casting, extra vitality 1
a: End Transformation


You were on level 1 of the Dungeon.
You had temporarily grown beastly horns.
You visited 1 branch of the dungeon, and saw 2 of its levels.

You collected 89 gold pieces.

Inventory:

Armour
 a - a +0 robe (worn)
Jewellery
 f - a +6 ring of dexterity (left hand)
Scrolls
 d - 2 scrolls of identify {unknown}
 e - a scroll of blinking {unknown}
 g - a scroll of noise {unknown}
 i - a scroll of enchant armour {unknown}
Potions
 b - a potion of lignification
 c - a potion of heal wounds {unknown}
 h - 2 potions of enlightenment {unknown}
 j - a potion of curing {unknown}


   Skills:
 + Level 1.9 Fighting
 - Level 2.1 Dodging
 + Level 3.4 Unarmed Combat
 + Level 2.5 Spellcasting
 + Level 2.5 Conjurations
 + Level 2.5 Hexes
   Level 0.0 Charms
 + Level 2.5 Summonings
 + Level 2.5 Necromancy
 + Level 2.5 Translocations
 + Level 2.5 Transmutations
 + Level 2.5 Fire Magic
 + Level 2.5 Ice Magic
 + Level 2.5 Air Magic
 + Level 2.5 Earth Magic
 + Level 2.5 Poison Magic


You knew the following spells:

 Your Spells              Type           Power      Damage    Failure   Level
a - Beastly Appendage     Tmut           20%        N/A       7%          1
b - Wereblood             Tmut           10%        N/A       11%         2
c - Spider Form           Tmut/Pois      10%        N/A       22%         3
d - Ice Form              Ice/Tmut       10%        N/A       56%         4
e - Foxfire               Conj/Fire      40%        2x1d6     7%          1
Your spell library was empty.

Dungeon Overview and Level Annotations

Branches:
Dungeon (2/15)

Altars:

Shops:
D:1 (

Annotations:
D:1 Robin


Innate Abilities, Weirdness & Mutations

You have temporarily grown beastly horns.
You are flying.
You are immune to sickness and miasma.
You are immune to poison.
Your flesh is very heat resistant. (rF++)
You are vulnerable to cold. (rC-)
You float through the air rather than walking.
You learn spells naturally, not from books.
Your magical power is your life essence.
You have superior vitality. (+4 MHP)


Message History

Robin is lightly wounded.
The goblin unwields a +0 dagger.
The goblin wields a +0 sling.
The goblin shoots a sling bullet.
The sling bullet closely misses you.
You hear a shout!
Casting: Foxfire (safe; 7% risk of failure)
Confirm with . or Enter, or press ? or * to list all spells.
You conjure some foxfire!
The foxfire hits Robin.
Robin is moderately wounded.
The foxfire hits Robin.
Robin is heavily wounded.
Casting: Foxfire (safe; 7% risk of failure)
Confirm with . or Enter, or press ? or * to list all spells.
You conjure some foxfire!
Robin hits you from afar with a +0 trident.
A hobgoblin comes into view.
A goblin comes into view. It is wielding a +0 dagger. x2
The foxfire hits Robin.
Robin is severely wounded.
The foxfire hits Robin.
Robin is almost dead.
Robin hits you with a +0 trident.
A goblin comes into view. It is wielding a +0 club.
There is a stone staircase leading up here.
Robin hits you with a +0 trident!
* * * LOW HITPOINT WARNING * * *
You fly upwards.
Your magical contamination has completely faded away.
There is a stone staircase leading down here.
Casting: Foxfire (safe; 7% risk of failure)
Confirm with . or Enter, or press ? or * to list all spells.
You grow a pair of large bovine horns.
* * * LOW HITPOINT WARNING * * *
Robin's horned helmet rattles.
Robin hits you with a +0 trident.
* * * LOW HITPOINT WARNING * * *
You closely miss Robin.
Robin is almost dead.
Robin hits you with a +0 trident.
You die...

####### ##### ####.....#
#...##########........####
+...........)'..@........#
#....#########..g.....##.#
.8.8.#
######.......#.#####
⌠.⌠..#
####....#.###...#.#...#
.∩.8## #.....#.#.#
#.###.#.#.# ⌠.⌠.#
#.....#.#.###.....#.#.#
.8.8#
#.....#.............#.#
..###
#.....###.......#####.#
#..# ####.##
#.............#


You could see Robin.

Vanquished Creatures
  A dart slug (D:2)
  4 ball pythons
  2 endoplasms (D:1)
  4 goblins
  4 hobgoblins
  4 quokkas
  2 bats
  5 frilled lizards (D:1)
  2 kobolds
  2 rats
30 creatures vanquished.

Vanquished Creatures (others)
  25 foxfires (D:2)
25 creatures vanquished.

Grand Total: 55 creatures vanquished

Notes
Turn   | Place    | Note
-------+----------+-------------------------------------------
     0 | D:1      | Shard1697 the Djinni Transmuter began the quest for the
                  | Orb.
     0 | D:1      | Shard1697 set off with the following spells memorised:
                  | Beastly Appendage, Wereblood, Spider Form, Ice Form.
     0 | D:1      | Reached XP level 1. HP: 17/17 MP: 0/0
   188 | D:1      | Found Yzyr's Weapon Shop.
   200 | D:1      | Reached XP level 2. HP: 9/22 MP: 0/0
   965 | D:1      | Reached XP level 3. HP: 18/27 MP: 0/0
   965 | D:1      | Learned a level 1 spell: Foxfire
  1215 | D:2      | Noticed Robin
  1236 | D:1      | Slain by Robin

Illustrated notes

Levels and vault maps discovered:
D:1:      mushboom_english_gardens, layout_basic, serial_shops,
          nicolae_shop_temple_entry_statues_fountains
D:2:      layout_rooms, uniq_robin

Action                     || total
---------------------------++-------
  Melee: Unarmed           ||    72
         Headbutt          ||     7
   Cast: Beastly Appendage ||    10
         Foxfire           ||    13
 Armour: Robe              ||    15
  Dodge: Dodged            ||    45

Table legend: (Time is in decaauts)
 A = Elapsed time spent in this place.
 B = Non-inter-level travel time spent in this place.
 C = Inter-level travel time spent in this place.
 D = Time resting spent in this place.
 E = Time spent auto-exploring this place.
 F = Levels seen in this place.
 G = Mean time per level.
                   A        B        C        D        E       F      G
               +--------+--------+--------+--------+--------+-----+--------+
         Total |   1231 |   1165 |     66 |    123 |    802 |   2 |  615.5 |
       Dungeon |   1231 |   1165 |     66 |    123 |    802 |   2 |  615.5 |
               +--------+--------+--------+--------+--------+-----+--------+

Top non-repeatable levels by time:
     D:1: 997 daAuts
     D:2: 234 daAuts
